Map: Central Protocol

Players

tyoutugai

  • Race: Zerg Zerg
  • League: Gold

ILLBdA - Winner!

  • Race: Protoss Protoss
  • League: Diamond

VOD

Have the link to the VOD?

Description

Time

  • Played on: Dec. 13, 2015, 5:18 a.m.
  • Length: 9:48
Show
View Real Time Build Order
Export as new Build Order

tyoutugai Zerg 

Build Orders: 3 Hatch before Pool 

Get SALT Encoding   

  12  0:01  Drone  
  13  0:12  Overlord  
  13  0:18  Drone  
  14  0:30  Drone x2  
  17  0:35  Drone  
  17  0:55  Hatchery  
  16  0:59  Drone  
  16  1:00  Drone  
  18  1:22  Hatchery  
  17  1:33  Spawning Pool  
  17  1:39  Drone x2  
  18  1:43  Drone  
  19  1:57  Drone  
  20  2:09  Drone x2  
  20  2:14  Drone  
  23  2:19  Drone  
  23  2:20  Queen x2  
  28  2:25  Extractor  
  28  2:29  Roach Warren  
  26  2:34  Drone x2  
  26  2:36  Drone  
  29  2:38  Zergling x2  
  30  2:45  Drone x2  
  30  2:49  Zergling x2  
  33  2:55  Drone  
  34  3:00  Overlord  
  34  3:01  Overlord  
  33  3:31  Roach  
  35  3:34  Zergling x8  
  35  3:35  Zergling x4  
  41  3:42  Zergling x10  
  41  3:43  Zergling x4  
  48  3:51  Lair  
  47  4:03  Overlord  
  47  4:04  Overlord  
  45  4:23  Roach  
  51  4:24  Roach x4  
  51  4:29  Overlord x2, Extractor, Zergling x8  
  58  4:43  Overlord x2  
  58  4:50  Spine Crawler  
  51  5:03  Queen  
  51  5:11  Roach  
  51  5:12  Roach x4  
  60  5:27  Drone  
  60  5:28  Drone x7  
  66  5:48  Spore Crawler  
  65  5:52  Drone x2  
  65  5:53  Drone x3  
  70  6:10  Overseer  
  70  6:11  Hatchery  
  69  6:22  Hydralisk Den  
  69  6:24  Drone x9  
  77  6:30  Evolution Chamber  
  77  6:32  Evolution Chamber  
  75  6:35  Overseer  
  75  6:50  Overlord x3  
  75  7:03  Zerg Missile Weapons Level 1  
  75  7:07  Zerg Ground Armor Level 1  
  75  7:18  Extractor  
  75  7:19  Hydralisk, Extractor  
  75  7:20  Hydralisk x3  
  75  7:22  Hydralisk  
  83  7:26  Drone  
  83  7:27  Drone x6  
  88  7:32  Overlord  
  88  7:33  Overlord  
  88  7:43  Spore Crawler  
  86  7:46  Metabolic Boost  
  86  7:54  Hydralisk  
  84  8:06  Hydralisk  
  84  8:07  Hydralisk  
  88  8:13  Drone x3  
  88  8:14  Drone x2  
  93  8:25  Hydralisk x2  
  93  8:26  Zergling x6  
  93  8:27  Zergling x6  
  103  8:52  Queen  
  104  9:10  Overlord  
  104  9:11  Overlord x2  
  104  9:15  Drone  
  104  9:17  Overlord x3  
  105  9:20  Extractor  
  105  9:23  Extractor  
Show
View Real Time Build Order
Export as new Build Order

ILLBdA Protoss - Winner!

Build Orders: Nexus First 

Get SALT Encoding   

  12  0:01  Probe (Chrono Boost)  
  13  0:11  Probe (Chrono Boost)  
  14  0:20  Pylon  
  14  0:22  Probe (Chrono Boost)  
  15  0:38  Probe (Chrono Boost)  
  16  0:49  Probe (Chrono Boost)  
  17  0:59  Nexus  
  17  1:10  Gateway  
  17  1:14  Probe (Chrono Boost)  
  17  1:17  Assimilator  
  18  1:25  Probe (Chrono Boost)  
  19  1:26  Assimilator  
  19  1:35  Probe (Chrono Boost)  
  19  1:39  Gateway  
  20  1:46  Probe (Chrono Boost)  
  21  1:56  Probe (Chrono Boost)  
  22  2:03  Cybernetics Core  
  22  2:07  Probe (Chrono Boost)  
  23  2:12  Probe (Chrono Boost)  
  23  2:14  Zealot (Chrono Boost)  
  26  2:19  Probe (Chrono Boost)  
  28  2:22  Probe (Chrono Boost)  
  28  2:29  Probe (Chrono Boost)  
  29  2:33  Probe (Chrono Boost)  
  30  2:39  Adept (Chrono Boost)  
  30  2:40  Probe  
  35  2:44  Adept (Chrono Boost)  
  35  2:49  Mothership Core  
  37  2:52  Warp Gate  
  37  3:01  Probe  
  37  3:02  Pylon  
  40  3:20  Stalker (Chrono Boost)  
  40  3:22  Adept (Chrono Boost)  
  42  3:27  Pylon  
  42  3:29  Pylon x2  
  42  3:39  Probe  
  43  3:41  Probe  
  43  3:45  Adept (Chrono Boost)  
  46  3:54  Probe  
  47  4:04  Stalker (Chrono Boost)  
  47  4:05  Probe  
  47  4:09  Gateway  
  50  4:10  Pylon  
  50  4:11  Gateway  
  50  4:17  Adept (Chrono Boost)  
  48  4:20  Probe  
  49  4:34  Probe  
  49  4:35  Probe  
  50  4:39  Stargate  
  50  4:42  Sentry x2 (Chrono Boost)  
  54  4:46  Probe  
  54  4:47  Probe  
  54  4:52  Pylon x2  
  56  5:05  Sentry (Chrono Boost)  
  58  5:16  Probe  
  59  5:23  Gateway  
  59  5:24  Pylon  
  59  5:25  Phoenix  
  59  5:26  Probe, Pylon  
  62  5:29  Probe  
  62  5:32  Sentry, Assimilator x2  
  62  5:33  Sentry  
  67  5:41  Probe  
  67  6:02  Probe  
  67  6:03  Phoenix  
  70  6:04  Probe  
  70  6:05  Pylon, Robotics Facility  
  70  6:07  Pylon  
  70  6:09  Twilight Council  
  71  6:15  Nexus, Zealot x3  
  77  6:22  Pylon x2  
  77  6:31  Phoenix  
  79  6:45  Charge (Chrono Boost)  
  80  6:47  Probe  
  80  6:50  Probe  
  80  6:53  Gateway  
  80  6:54  Gateway  
  81  6:56  Immortal (Chrono Boost)  
  85  7:04  Phoenix  
  87  7:15  Zealot x3  
  93  7:29  Phoenix  
  95  7:31  Probe x2  
  95  7:32  Gateway  
  95  7:33  Gateway  
  97  7:47  Immortal (Chrono Boost)  
  101  7:57  Phoenix  
  103  8:05  Zealot x3  
  109  8:09  Gateway  
  109  8:13  Gateway  
  109  8:21  Immortal (Chrono Boost)  
  113  8:29  Zealot  
  113  8:30  Zealot  
  113  8:33  Pylon  
  117  8:38  Zealot  
  117  8:39  Zealot x2  
  123  8:43  Probe  
  123  8:45  Probe, Pylon  
  125  8:55  Observer (Chrono Boost)  
  126  9:07  Zealot  
  126  9:08  Zealot  
  130  9:11  Zealot  
  130  9:12  Zealot x3  
  138  9:19  Probe  
  138  9:23  Templar Archives, Forge  
  129  9:42  Zealot x4  
  129  9:43  Zealot x2  
Tags
 
Add a new tag
Caveats
  • Supply blocks, unpowered buildings, or Contaminate may cause inaccurate times.
  • Supply counts are checked every 10 seconds.